 Dungeon Crawl Stone Soup version 0.26-a0-597-gb535b0901c (webtiles) character file.

Game seed: 1863398732346818891

2421 HoaS the Cruncher (level 9, -4/64 HPs)
             Began as a Formicid Fighter on Aug 29, 2020.
             Killed by divine providence
             ... invoked by an orc priest
              (11 damage)
             ... on level 7 of the Dungeon.
             The game lasted 00:12:21 (5442 turns).

HoaS the Cruncher (Formicid Fighter)                Turns: 5442, Time: 00:12:21

Health: -4/64      AC: 10    Str: 25    XL:     9   Next: 76%
Magic:  9/9        EV:  9    Int:  7    God:
Gold:   575        SH: 18    Dex: 10    Spells: 8/8 levels left

rFire    . . .     SeeInvis +   a - +1 quarterstaff
rCold    . . .     Faith    .   c - +1 kite shield
rNeg     . . .     Spirit   .   r - +4 scale mail
rPois    .         Reflect  +   (helmet unavailable)
rElec    .         Harm     .   (no cloak)
rCorr    +                      (no gloves)
MR       .....                  (no boots)
Stlth    +.........             q - amulet of reflection
HPRegen  0.20/turn              g - ring of resist corrosion
MPRegen  0.11/turn              m - ring of stealth

@: marked
A: permanent stasis, dig shafts and tunnels, four strong arms, antennae 3
a: Dig, Shaft Self


You were on level 7 of the Dungeon.
You visited 2 branches of the dungeon, and saw 8 of its levels.

You collected 575 gold pieces.

Inventory:

Hand Weapons
 a - a +1 quarterstaff (weapon)
Armour
 c - a +1 kite shield (worn)
 r - a +4 scale mail (worn)
Jewellery
 g - a ring of resist corrosion (left hand)
 m - a ring of stealth (right hand)
 q - an amulet of reflection (around neck)
Wands
 j - a wand of enslavement (10)
 s - a wand of iceblast (9)
 u - a wand of acid (7)
Scrolls
 h - 7 scrolls of remove curse
 i - a scroll of identify
Potions
 b - a potion of mutation
 d - 2 potions of might
 e - 3 potions of lignification
 f - 4 potions of curing
 k - a potion of resistance {unknown}
 l - 2 potions of stabbing
 o - 4 potions of heal wounds
 p - 2 potions of invisibility
 t - 2 potions of haste {unknown}


   Skills:
 - Level 3.2 Fighting
 * Level 10.6 Staves
 - Level 3.2 Armour
 - Level 9.0 Shields


You had 8 spell levels left.
You didn't know any spells.
Your spell library was empty.

Dungeon Overview and Level Annotations

Branches:
Dungeon (7/15)             Temple (1/1) D:5

Altars:
Ashenzari
Dithmenos
Elyvilon
Gozag
Hepliaklqana
Kikubaaqudgha
Nemelex Xobeh
Qazlal
Ru
Vehumet
Wu Jian
Xom
Zin

Shops:
D:6 ?**

Annotations:
D:7 2 runed translucent doors, viperstalker's ghost, novice PaFi


Innate Abilities, Weirdness & Mutations

You cannot be hasted, slowed, berserked, paralysed or teleported.
You can dig through walls and to a lower floor.
Your four strong arms can wield two-handed weapons with a shield.
You have a pair of large antennae on your head. (SInv)


Message History

You hit the orc priest.
The orc priest is moderately wounded.
The orc priest invokes the aid of Beogh against you.
You resist with significant effort.
You barely miss the orc priest.
The orc priest is moderately wounded.
The orc barely misses you. You block the orc priest's attack.
You closely miss the orc priest.
The orc priest is moderately wounded.
You block the orc's attack.
You hit the orc priest.
The orc priest is severely wounded.
The orc priest hits you but does no damage.
Your scale mail prevents you from hitting the orc priest.
The orc priest is severely wounded.
The orc hits you but does no damage.
The orc priest hits you but does no damage.
The orc priest calls down the wrath of Beogh upon you.
Beogh smites you!
You die...

####.# ...#.# { {
...#†# #..#.######
### ### #...........
.....# # ##.....#####
#.#.##.# ##....##
#.)o...# ##.#.##
#####o# ...#.#
#...@o# ####.#
#.##### ##+## #.#
##)..## #.# ##.....##
#.## #.......## #..##
.........####...#####
.........'...........
.........####...####.


You could see 2 orc priests and an orc.

Vanquished Creatures
  Harold (D:7)
  Sigmund (D:6)
  A sky beast (D:4)
  An ice beast (D:7)
  An orc warrior (D:7)
  A necrophage (D:7)
  A centaur (D:6)
  2 bullfrogs (D:6)
  2 scorpions
  A wyvern skeleton (D:7)
  3 wights (D:6)
  4 hounds
  3 bullfrog skeletons (D:4)
  3 orc wizards
  3 orc priests (D:7)
  3 worker ants (D:5)
  4 gnolls (D:4)
  8 adders
  A white imp (D:5)
  2 ufetubi
  An ooze (D:3)
  2 worms
  6 dart slugs
  7 leopard geckos
  14 orcs
  12 bats
  6 giant cockroaches
  6 goblins
  7 hobgoblins
  9 jackals
  2 quokkas
  2 ball pythons
  6 frilled lizards
  A giant cockroach zombie (D:5)
  12 kobolds
  8 rats
147 creatures vanquished.

Vanquished Creatures (others)
  A human (D:5)
1 creature vanquished.

Grand Total: 148 creatures vanquished

Notes
Turn   | Place    | Note
-------+----------+-------------------------------------------
     0 | D:1      | HoaS the Formicid Fighter began the quest for the Orb.
     0 | D:1      | Reached XP level 1. HP: 18/18 MP: 1/1
    58 | D:1      | Reached XP level 2. HP: 19/24 MP: 2/2
   283 | D:1      | Reached XP level 3. HP: 28/29 MP: 3/3
   411 | D:1      | Reached skill level 3 in Staves
   892 | D:2      | Reached XP level 4. HP: 33/35 MP: 4/4
  1435 | D:3      | Reached skill level 4 in Staves
  1435 | D:3      | Reached XP level 5. HP: 30/41 MP: 5/5
  2531 | D:4      | Reached skill level 5 in Shields
  2547 | D:4      | Reached XP level 6. HP: 36/47 MP: 6/6
  2675 | D:4      | Reached skill level 5 in Staves
  2710 | D:4      | Found a stormy altar of Qazlal.
  3011 | D:4      | Found a sacrificial altar of Ru.
  3207 | D:4      | Found a glowing silver altar of Zin.
  3230 | D:4      | Reached XP level 7. HP: 42/52 MP: 7/7
  3315 | D:5      | Entered Level 5 of the Dungeon
  3332 | D:5      | Reached skill level 6 in Staves
  3596 | D:5      | Found an ancient bone altar of Kikubaaqudgha.
  3741 | D:5      | Reached skill level 7 in Staves
  3741 | D:5      | Reached XP level 8. HP: 45/58 MP: 8/8
  3894 | D:5      | Found a staircase to the Ecumenical Temple.
  3899 | Temple   | Entered the Ecumenical Temple
  4113 | D:5      | Noticed a human
  4114 | D:5      | Killed a human
  4201 | D:6      | Found a sacrificial altar of Ru.
  4280 | D:6      | Found Lyddy's Magic Scroll Shop.
  4320 | D:6      | Found Neixiub's General Store.
  4374 | D:6      | Reached skill level 8 in Staves
  4517 | D:6      | Found Fyrph's General Store.
  4692 | D:6      | Noticed Sigmund
  4704 | D:6      | Killed Sigmund
  4986 | D:7      | Reached XP level 9. HP: 57/63 MP: 9/9
  5025 | D:7      | Reached skill level 9 in Staves
  5386 | D:7      | Found a runed translucent gate.
  5387 | D:7      | Found a runed translucent gate.
  5387 | D:7      | Identified the +1 plate armour "Gyhatet" {rF+ Str-2 Slay+2}
  5387 | D:7      | Noticed viperstalker's ghost (novice PaFi)
  5399 | D:7      | Noticed Harold
  5425 | D:7      | Killed Harold
  5425 | D:7      | Reached skill level 10 in Staves
  5442 | D:7      | Killed from afar by an orc priest

Illustrated notes

Levels and vault maps discovered:
D:1:      minmay_arrival_stone_box, layout_loops_ring
D:2:      layout_loops_ring
D:3:      lemuel_upstairs_altar, layout_loops_corners, minmay_starry_boxes
D:4:      layout_loops_ring, kennysheep_mini_moat, lemuel_round_altar,
          nicolae_overflow_crystal_walls
D:5:      layout_cave_pools, minmay_temple_entry_wispy, tgw_kikubaaqudgha
D:6:      layout_loops_ring, serial_shops, nicolae_shop_crystal, shop,
          shop_statue, basic_altar, uniq_sigmund
D:7:      layout_loops_corners, slow_altar_1, biasface_ghost_orc_armoury,
          uniq_harold
Temple:   nicolae_temple_figure_zero

Skill      XL: |  1  2  3  4  5  6  7  8  9 |
---------------+----------------------------+-----
Shields        | 4 5 6 8 9 |  9.0
Staves         | 3 4 5 7 8 10 | 10.6
Fighting       | |  3.2
Armour         | |  3.2

Action                   |  1- 3 |  4- 6 |  7- 9 || total
-------------------------+-------+-------+-------++-------
Melee: Quarterstaff      |    96 |   236 |   266 ||   598
 Abil: Dig               |       |     2 |     4 ||     6
  Use: Scroll            |     3 |     9 |     6 ||    18
       Potion            |       |       |     1 ||     1
Armor: Scale mail        |    43 |    67 |    51 ||   161
Dodge: Dodged            |    31 |    73 |    43 ||   147
Block: Kite shield       |    61 |   122 |   157 ||   340
       Reflection        |       |       |     6 ||     6

Table legend: (Time is in decaauts)
 A = Elapsed time spent in this place.
 B = Non-inter-level travel time spent in this place.
 C = Inter-level travel time spent in this place.
 D = Time resting spent in this place.
 E = Time spent auto-exploring this place.
 F = Levels seen in this place.
 G = Mean time per level.
                   A        B        C        D        E       F      G
               +--------+--------+--------+--------+--------+-----+--------+
         Total |   5485 |   5299 |    186 |    879 |   3201 |   8 |  685.6 |
       Dungeon |   5367 |   5190 |    177 |    879 |   3094 |   7 |  766.7 |
        Temple |    117 |    108 |      9 |      0 |    107 |   1 |  117.0 |
               +--------+--------+--------+--------+--------+-----+--------+

Top non-repeatable levels by time:
     D:3: 1119 daAuts
     D:4: 928 daAuts
     D:6: 790 daAuts
     D:2: 751 daAuts
     D:1: 680 daAuts
     D:5: 636 daAuts
     D:7: 460 daAuts
  Temple: 117 daAuts
